 Dungeon Crawl Stone Soup version 0.26-a0-708-g17f3b190f9 (console) character file.

Game seed: 9035340292482928463

7656 om the Spear-Bearer (level 10, 0/90 HPs)
             Began as a Minotaur Monk on Oct 28, 2020.
             Was an Elder of Wu Jian.
             Slain by a tengu warrior
             ... wielding a +1 battleaxe of electrocution
              (10 damage)
             ... on level 13 of the Dungeon.
             The game lasted 00:35:15 (12217 turns).

om the Spear-Bearer (Minotaur Monk)                Turns: 12217, Time: 00:35:16

Health: 0/90       AC: 16    Str: 17    XL:     10   Next: 99%
Magic:  9/9        EV: 10    Int:  7    God:    Wu Jian [****..]
Gold:   737        SH: 12    Dex: 15    Spells: 9/9 levels left

rFire    . . .     SeeInvis .   w - +1 spear (venom)
rCold    . . .     Faith    .   u - +2 buckler
rNeg     + . .     Spirit   .   q - +0 chain mail
rPois    .         Reflect  +   s - +1 hat
rElec    .         Harm     .   g - +1 cloak
rCorr    .         Rampage  .   y - +0 pair of gloves
MR       +....                  (no boots)
Stlth    ..........             f - amulet of reflection
HPRegen  0.25/turn              p - ring of protection from magic
MPRegen  0.11/turn              t - ring of positive energy

@: slowed, very slow
A: retaliatory headbutt, horns 2
a: Wall Jump, Serpent's Lash, Renounce Religion


You were on level 13 of the Dungeon.
You worshipped Wu Jian.
Wu Jian was greatly pleased with you.
You visited 1 branch of the dungeon, and saw 13 of its levels.

You collected 737 gold pieces.

Inventory:

Hand Weapons
 w - a +1 spear of venom (weapon)
Armour
 g - a +1 cloak (worn)
 q - a +0 chain mail (worn)
 s - a +1 hat (worn)
 u - a +2 buckler (worn)
 y - a +0 pair of gloves (worn)
Jewellery
 f - an amulet of reflection (around neck)
 p - a ring of protection from magic (left hand)
 t - a ring of positive energy (right hand)
 A - an uncursed amulet of the acrobat
Wands
 a - a wand of digging (8)
 v - a wand of iceblast (12)
 B - a wand of acid (7)
 D - a wand of disintegration (19)
 G - a wand of flame (11)
 H - a wand of polymorph (5)
Scrolls
 b - 2 scrolls of fear
 c - a scroll of amnesia {unknown}
 d - 7 scrolls of remove curse
 e - 2 scrolls of immolation
 j - a scroll of blinking {unknown}
 k - 4 scrolls of teleportation
 l - 6 scrolls of fog
 n - a scroll of enchant weapon {unknown}
 E - a scroll of summoning {unknown}
 I - a scroll of vulnerability {unknown}
Potions
 h - 4 potions of curing
 i - 3 potions of haste
 m - 4 potions of heal wounds
 o - a potion of flight
 r - 3 potions of lignification
 x - 3 potions of magic
 z - a potion of brilliance
 C - a potion of might {unknown}
 F - a potion of invisibility


   Skills:
 + Level 8.9 Fighting
   Level 6.4(10.2) Axes
 * Level 12.2(12.7) Polearms
 + Level 10.6 Armour
 + Level 5.4 Dodging
 - Level 2.0 Stealth
 - Level 4.0 Shields


You had 9 spell levels left.
You didn't know any spells.
Your spell library contained the following spells:

 Spells                   Type           Power        Failure   Level
 Freeze                   Ice            #...         99%         1
 Confusing Touch          Hex            #.......     100%        3
 Frozen Ramparts          Ice            #.....       100%        3
 Gell's Gravitas          Tloc           #.........   100%        3
 Ozocubu's Armour         Ice            #.......     100%        3
 Hailstorm                Conj/Ice       #.......     100%        4
 Petrify                  Tmut/Erth      #.......     100%        4
 Summon Ice Beast         Ice/Summ       #.......     100%        4
 Metabolic Englaciation   Hex/Ice        #.........   100%        5
 Yara's Violent Unravell  Hex/Tmut       #.........   100%        5


Dungeon Overview and Level Annotations

Branches:
Dungeon (14/15)            Temple (0/1) D:7            Lair (0/6) D:8
    Orc: D:9-12      Vaults: D:13-14

Altars:
Elyvilon
Makhleb
Nemelex Xobeh
Okawaru
Qazlal
Wu Jian

Shops:
D:7 *

Annotations:
D:8 1 runed translucent door, Katz's ghost, novice DsGl
D:11 Fannar; Nergalle
D:13 Kirke


Innate Abilities, Weirdness & Mutations

You reflexively headbutt those who attack you in melee.
You have a pair of horns on your head.


Message History

The tengu warrior is severely wounded.
You closely miss the tengu warrior. You headbutt the tengu warrior.
The tengu warrior is severely wounded.
You barely miss the tengu warrior.
The tengu warrior is severely wounded.
You repeatedly attack the wraith from above.
You hit the wraith.
You headbutt the wraith, but do no damage.
The wraith is moderately damaged.
You closely miss the wraith. Your headbutt misses the wraith.
The wraith is moderately damaged.
You hit the wraith.
The wraith is moderately damaged.
You puncture the wraith!
The wraith is heavily damaged.
The wraith hits you but does no damage. You block the tengu warrior's attack.
The tengu warrior pecks you.
* * * LOW HITPOINT WARNING * * *
The tengu warrior barely misses you. The wraith closely misses you.
You furiously retaliate!
You headbutt the wraith.
The tengu warrior hits you with a +1 battleaxe of electrocution!
You die...

#########.##.## #
#.##..#####.#
########........^...
....................
############..#####
##.## #..### #....#
#....# #.Q○°# #.W@°#
##○○## ##.# #.# #.##
#..# ##.# #.# #.#
#......# #......#


You could see a tengu warrior (very poisoned) and a wraith.

Vanquished Creatures
  A two-headed ogre (D:10)
  A cyclops (D:11)
  A kobold demonologist (D:13)
  4 trolls
  A shadow (D:14)
  3 yaks (D:10)
  A wraith (D:10)
  A soldier ant (D:10)
  2 water moccasins
  An orc warrior (D:14)
  3 sky beasts
  2 black bears (D:10)
  2 eyes of draining
  2 ice beasts
  5 ogres
  A phantom (D:5)
  A necrophage (D:9)
  3 centaurs
  3 big kobolds
  4 bullfrogs
  3 gnoll sergeants
  2 scorpions
  4 killer bees
  11 wights
  A centaur zombie (D:5)
  5 hounds
  4 orc priests
  A bullfrog skeleton (D:5)
  2 iguanas
  A jelly (D:10)
  4 orc wizards
  2 centaur skeletons
  4 worker ants
  15 gnolls
  13 adders
  4 shadow imps
  3 white imps
  3 ufetubi
  An adder zombie (D:5)
  A worm (D:2)
  4 dart slugs
  5 leopard geckos
  24 orcs
  2 ball pythons (D:3)
  6 giant cockroaches
  9 goblins
  5 hobgoblins
  6 jackals
  25 kobolds
  2 quokkas
  7 bats
  10 frilled lizards
  2 jackal skeletons (D:7)
  2 quokka skeletons
  6 rats
241 creatures vanquished.

Vanquished Creatures (others)
  An unseen horror (D:14)
1 creature vanquished.

Grand Total: 242 creatures vanquished

Notes
Turn   | Place    | Note
-------+----------+-------------------------------------------
     0 | D:1      | om the Minotaur Monk began the quest for the Orb.
     0 | D:1      | Reached XP level 1. HP: 19/19 MP: 0/0
   262 | D:1      | Reached XP level 2. HP: 26/27 MP: 1/1
   692 | D:1      | Reached XP level 3. HP: 33/33 MP: 2/2
  1413 | D:2      | Reached skill level 5 in Axes
  1617 | D:1      | Reached XP level 4. HP: 29/40 MP: 3/3
  1920 | D:2      | Found an ornate altar of the Wu Jian Council.
  2051 | D:2      | Reached skill level 1 in Armour
  2399 | D:2      | Noticed a fire elemental
  2403 | D:2      | Found a stormy altar of Qazlal.
  2516 | D:2      | Noticed a water elemental
  2516 | D:2      | Noticed an air elemental
  2516 | D:2      | Noticed an earth elemental
  2578 | D:2      | Became a worshipper of the Wu Jian Council
  2578 | D:2      | Reached * piety under Wu Jian
  2578 | D:2      | Reached ** piety under Wu Jian
  2701 | D:3      | Reached XP level 5. HP: 44/46 MP: 4/4
  3505 | D:5      | Entered Level 5 of the Dungeon
  3524 | D:5      | Noticed an ogre
  3543 | D:5      | Killed an ogre
  3543 | D:5      | Reached XP level 6. HP: 9/52 MP: 5/5
  3832 | D:5      | Reached skill level 5 in Armour
  4220 | D:5      | Reached XP level 7. HP: 50/59 MP: 6/6
  5429 | D:5      | Reached skill level 1 in Shields
  5907 | D:6      | Reached *** piety under Wu Jian
  5907 | D:6      | Reached XP level 8. HP: 53/66 MP: 7/7
  6258 | D:6      | Found an iron altar of Okawaru.
  6258 | D:6      | Found a sparkling altar of Nemelex Xobeh.
  6273 | D:6      | Found a white marble altar of Elyvilon.
  6273 | D:6      | Found a burning altar of Makhleb.
  6792 | D:6      | Reached skill level 1 in Polearms
  7189 | D:7      | Reached skill level 2 in Polearms
  7644 | D:7      | Reached skill level 3 in Polearms
  7691 | D:7      | Found a staircase to the Ecumenical Temple.
  7891 | D:7      | Reached skill level 10 in Armour
  7895 | D:7      | Reached skill level 4 in Polearms
  8078 | D:7      | Reached skill level 5 in Polearms
  8215 | D:7      | Found Voidgh's Assorted Antiques.
  8375 | D:8      | Found a runed translucent door.
  8376 | D:8      | Noticed Katz's ghost (novice DsGl)
  8415 | D:8      | Found a staircase to the Lair.
  8529 | D:8      | Noticed a troll
  8561 | D:7      | Killed a troll
  8561 | D:7      | Reached skill level 6 in Polearms
  8561 | D:7      | Reached XP level 9. HP: 27/72 MP: 8/8
  9121 | D:9      | Reached skill level 5 in Fighting
  9200 | D:9      | Reached skill level 7 in Polearms
  9391 | D:9      | Reached **** piety under Wu Jian
  9509 | D:9      | Reached skill level 8 in Polearms
  9519 | D:9      | Noticed a troll
  9551 | D:9      | Killed a troll
  9935 | D:10     | Entered Level 10 of the Dungeon
  9949 | D:10     | Reached skill level 9 in Polearms
  9957 | D:10     | Noticed a two-headed ogre
  9973 | D:10     | Killed a two-headed ogre
  9973 | D:10     | Reached skill level 10 in Polearms
 10028 | D:10     | Reached XP level 10. HP: 86/86 MP: 9/9
 10459 | D:10     | Reached skill level 11 in Polearms
 10878 | D:11     | Noticed a cyclops
 10891 | D:11     | Killed a cyclops
 11287 | D:11     | Noticed Nergalle
 11296 | D:11     | Noticed Fannar
 11297 | D:11     | You fall into a shaft and drop 3 floors!
 11297 | D:14     | Noticed a seven-headed hydra
 11298 | D:14     | Noticed a centaur warrior
 11304 | D:14     | Noticed a gargoyle
 11307 | D:14     | Killed an unseen horror
 11317 | D:14     | Noticed a boulder beetle
 11500 | D:14     | Reached skill level 5 in Dodging
 11559 | D:14     | Noticed a rakshasa
 11634 | D:14     | Reached skill level 12 in Polearms
 11671 | D:14     | Noticed a tengu warrior
 11678 | D:14     | Noticed a tengu warrior
 11699 | D:13     | Noticed Kirke
 11700 | D:13     | Noticed a gargoyle
 12149 | D:13     | Reached ***** piety under Wu Jian
 12217 | D:13     | Slain by a tengu warrior

Illustrated notes

Levels and vault maps discovered:
D:1:      nzn_arrival_depleted_hourglass, layout_basic, minmay_vboxes
D:2:      minmay_inner_zag, layout_loops_ring, overflow_temple_1_default,
          nicolae_qazlal_style_of_elements
D:3:      layout_rooms, palyth_stone_intersect
D:4:      layout_gridville
D:5:      minmay_razor_zed, layout_basic
D:6:      layout_basic, grunt_temple_overflow_cloverleaf
D:7:      minmay_cornered_nines, layout_layer_cave,
          minmay_temple_entry_gardened_gates, serial_shops, kennysheep_mini
D:8:      layout_rooms, lair_entry_dummy, ebering_ghost_reflecting_pool
D:9:      layout_roguey
D:10:     layout_cave_pools, serial_glass, glass_columns_c, glass_columns_a
D:11:     layout_small_grid, uniq_nergalle, uniq_fannar
D:13:     layout_basic, serial_shops, shop, uniq_kirke, uniq_frances
D:14:     evilmike_iron_armoury, layout_rooms, david_vaults_1, serial_shops,
          shop, einodemon_crawler_minivault

Skill      XL: |  1  2  3  4  5  6  7  8  9 10 |
---------------+-------------------------------+-----
Axes           | 4 5 6 |  6.4
Fighting       | 4 7 8 |  8.9
Dodging        | 4 5 |  5.4
Armour         | 1 4 6 8 10 | 10.6
Shields        | 2 4 |  4.0
Polearms       | 6 10 12 | 12.2
Stealth        | 2 |  2.0

Action                   |  1- 3 |  4- 6 |  7- 9 | 10-12 || total
-------------------------+-------+-------+-------+-------++-------
Melee: Hand axe          |    82 |   176 |   175 |       ||   433
       Headbutt          |    15 |    28 |    97 |    88 ||   228
       Spear             |       |       |   279 |   423 ||   702
Invok: Lunge             |       |    10 |    19 |    18 ||    47
       Whirlwind         |       |    37 |    74 |    54 ||   165
 Abil: Wall Jump         |       |    27 |    33 |    27 ||    87
Evoke: Wand              |       |       |       |     3 ||     3
  Use: Scroll            |       |       |    12 |     6 ||    18
       Potion            |       |       |     1 |     3 ||     4
 Stab: Sleeping          |     4 |       |       |       ||     4
       Invisible         |       |       |       |     4 ||     4
Armor: Ring mail         |    22 |    27 |       |       ||    49
       Robe              |     1 |       |       |       ||     1
       Chain mail        |       |    31 |   173 |   115 ||   319
Dodge: Dodged            |    47 |    98 |   116 |    71 ||   332
Block: Buckler           |       |       |   115 |   148 ||   263
       Kite shield       |       |       |    11 |       ||    11
       Reflection        |       |       |       |    10 ||    10

Table legend: (Time is in decaauts)
 A = Elapsed time spent in this place.
 B = Non-inter-level travel time spent in this place.
 C = Inter-level travel time spent in this place.
 D = Time resting spent in this place.
 E = Time spent auto-exploring this place.
 F = Levels seen in this place.
 G = Mean time per level.
                   A        B        C        D        E       F      G
               +--------+--------+--------+--------+--------+-----+--------+
         Total |  12234 |  11892 |    342 |   3124 |   6290 |  13 |  941.1 |
       Dungeon |  12234 |  11892 |    342 |   3124 |   6290 |  13 |  941.1 |
               +--------+--------+--------+--------+--------+-----+--------+

Top non-repeatable levels by time:
     D:5: 2255 daAuts
     D:6: 1408 daAuts
     D:7: 1372 daAuts
     D:2: 1323 daAuts
     D:1: 1272 daAuts
     D:9: 885 daAuts
    D:10: 859 daAuts
     D:3: 645 daAuts
     D:8: 534 daAuts
    D:13: 509 daAuts
    D:11: 485 daAuts
    D:14: 399 daAuts
     D:4: 283 daAuts
